 Dungeon Crawl Stone Soup version 0.26.1-11-gd32895ea62 (webtiles) character file.

Game seed: 16286513246226259753

58 hawla the Conjurer (level 3, 0/20 HPs)
             Began as a Deep Elf Conjurer on June 16, 2021.
             Slain by Natasha (8 damage)
             ... on level 2 of the Dungeon.
             The game lasted 00:02:27 (1140 turns).

hawla the Conjurer (Deep Elf Conjurer)              Turns: 1140, Time: 00:02:28

Health: 0/20       AC:  3    Str:  4    XL:     3   Next: 75%
Magic:  8/19       EV: 13    Int: 23    God:
Gold:   44         SH:  0    Dex: 13    Spells: 6/9 levels left

rFire    . . .     SeeInvis .   (no weapon)
rCold    . . .     Faith    .   (no shield)
rNeg     . . .     Spirit   .   a - +1 robe
rPois    .         Reflect  .   (no helmet)
rElec    .         Harm     .   (no cloak)
rCorr    .         Rampage  .   (no gloves)
Will     .....                  (no boots)
Stlth    ++........             (no amulet)
HPRegen  0.06/turn              f - ring of magical power
MPRegen  0.16/turn              (no ring)

@: no status effects
A: no striking features
a: no special abilities


You were on level 2 of the Dungeon.
You visited 1 branch of the dungeon, and saw 2 of its levels.

You collected 44 gold pieces.

Inventory:

Armour
 a - a +1 robe (worn)
Jewellery
 f - a ring of magical power (left hand)
Scrolls
 b - a scroll of enchant armour
 e - a scroll of identify


   Skills:
 - Level 1.0 Fighting
 - Level 2.4 Dodging
 - Level 2.4 Stealth
 + Level 3.8 Spellcasting
 + Level 4.9 Conjurations
 + Level 1.7 Translocations


You had 6 spell levels left.
You knew the following spells:

 Your Spells              Type           Power        Failure   Level
a - Magic Dart            Conj           100%         1%          1
b - Searing Ray           Conj           54%          1%          2

Your spell library contained the following spells:

 Spells                   Type           Power        Failure   Level
 Dazzling Flash           Conj/Hex       30%          12%         3
 Iskenderun's Mystic Bla  Conj/Tloc      19%          26%         4
 Fulminant Prism          Conj/Hex       7%           36%         4


Dungeon Overview and Level Annotations

Branches:
Dungeon (2/15)

Altars:

Annotations:
D:2 Natasha


Message History

Press: ? - help, Shift-Dir - straight line, f/p - Natasha
Aim: Natasha, carrying a wand of random effects (15) (lightly wounded, 26% to evade)
The searing ray misses Natasha. (Press . to maintain the ray.)
The goblin shouts!
Casting: Searing Ray (safe; 1% risk of failure)
Confirm with . or Enter, or press ? or * to list all spells.
Aiming: Searing Ray (safe; 1% risk of failure)
Press: ? - help, Shift-Dir - straight line, f/p - Natasha
Aim: Natasha, carrying a wand of random effects (15) (lightly wounded, 26% to evade)
The searing ray misses Natasha. (Press . to maintain the ray.) Natasha claws you.
The searing ray hits Natasha!
Natasha is almost dead.
Natasha barely misses you.
The searing ray misses Natasha.
The searing ray hits the goblin!
You kill the goblin!
Natasha claws you!
You die...

#..... #....#
.)... ### #>.
#..)##.># #
#...#...#...# .#
#..#...#'. ..#
.###...h.####....
.......@.†......#
......⌠.........#
.................
.###.....######..
#..#...#'.##
...#...#...# #<.
#...##.<# ##
#.....#### ####.


You could see Natasha.

Vanquished Creatures
  Natasha (D:2)
  An adder (D:2)
  2 dart slugs (D:1)
  A leopard gecko (D:1)
  3 giant cockroaches (D:1)
  3 goblins
  2 hobgoblins (D:1)
  3 kobolds (D:1)
  A frilled lizard (D:2)
  3 rats (D:1)
20 creatures vanquished.

Notes
Turn   | Place    | Note
-------+----------+-------------------------------------------
     0 | D:1      | hawla the Deep Elf Conjurer began the quest for the Orb.
     0 | D:1      | Reached XP level 1. HP: 10/10 MP: 6/6
   181 | D:1      | Reached XP level 2. HP: 16/16 MP: 4/8
   185 | D:1      | Learned a level 2 spell: Searing Ray
   416 | D:1      | Reached skill level 1 in Translocations
  1096 | D:2      | Noticed Natasha
  1098 | D:2      | Killed Natasha
  1099 | D:2      | Reached skill level 1 in Fighting
  1099 | D:2      | Reached XP level 3. HP: 20/20 MP: 10/10
  1133 | D:2      | Noticed Natasha
  1140 | D:2      | Slain by Natasha

Illustrated notes

Levels and vault maps discovered:
D:1:      heliophobic_arrival_battle_scene, layout_loops_ring
D:2:      layout_basic, grunt_dithmenos_smoke, grunt_ministairs_6, uniq_natasha,
          uniq_crazy_yiuf_cottage

Skill      XL: |  1  2 |
---------------+-------+-----
Translocations | 1 |  1.7
Fighting       | 1 |  1.0
Dodging        | |  2.4
Stealth        | |  2.4
Spellcasting   | |  3.8
Conjurations   | |  4.9

Action                   || total
-------------------------++-------
 Cast: Magic Dart        ||    15
       Searing Ray       ||    14
  Use: Scroll            ||     4
Dodge: Dodged            ||     2
